 Dungeon Crawl Stone Soup version 0.29-a0-422-gafbd6decc1 (webtiles) character file.

Game seed: 4909142683250987616

759 happo123 the Ruffian (level 7, 0/67 HPs)
             Began as a Troll Fighter on May 18, 2022.
             Was an Initiate of Dithmenos.
             Slain by an ufetubus (2 damage)
             ... on level 4 of the Dungeon.
             The game lasted 00:20:08 (3690 turns).

happo123 the Ruffian (Troll Fighter)                Turns: 3690, Time: 00:20:09

Health: 0/67       AC:  5    Str: 27    XL:     7   Next: 50%
Magic:  6/6        EV:  9    Int:  4    God:    Dithmenos [......]
Gold:   372        SH:  8    Dex: 11    Spells: 6/6 levels left

rFire   + . .      SeeInvis .     - Unarmed
rCold   . . .      Faith    .   b - +0 kite shield
rNeg    . . .      Spirit   .   a - +0 robe
rPois   +          Reflect  .   (helmet restricted)
rElec   .          Harm     .   i - +0 cloak
rCorr   .          Rampage  .   (gloves unavailable)
Will    .....                   (boots unavailable)
Stlth   ++........              o - amulet of the acrobat
HPRegen 1.01/turn               m - ring of poison resistance
MPRegen 0.10/turn               z - ring of protection from fire

@: no status effects
A: large, unfitting armour, claws 3, regeneration 1, shaggy fur 1, tough skin 1,
camouflage 1, agile 1, MP-powered wands
a: Renounce Religion


You were on level 4 of the Dungeon.
You worshipped Dithmenos.
Dithmenos was noncommittal.
You visited 2 branches of the dungeon, and saw 6 of its levels.
You also visited: Sewer.

You collected 372 gold pieces.

Inventory:

Hand Weapons
 n - a +0 war axe of electrocution
 s - a +2 morningstar of protection
Armour
 a - a +0 robe (worn)
 b - a +0 kite shield (worn)
 i - a +0 cloak (worn)
 q - a scarf of resistance
Jewellery
 l - an amulet of faith
 m - a ring of poison resistance (left claw)
 o - an amulet of the acrobat (around neck)
 z - a ring of protection from fire (right claw)
Scrolls
 e - 2 scrolls of immolation
 f - a scroll of identify
 j - a scroll of silence {unknown}
 p - a scroll of acquirement {unknown}
 t - a scroll of enchant weapon {unknown}
 u - 3 scrolls of magic mapping
 v - a scroll of summoning {unknown}
 w - a scroll of blinking {unknown}
 x - a scroll of teleportation {unknown}
 y - a scroll of amnesia {unknown}
 A - a scroll of brand weapon {unknown}
Potions
 c - 3 potions of might
 d - 2 potions of curing {unknown}
 g - 3 potions of heal wounds
 h - a potion of mutation
 k - a potion of resistance {unknown}
 r - a potion of flight
 B - a potion of brilliance {unknown}


   Skills:
 + Level 3.0 Fighting
 + Level 4.1 Dodging
 + Level 1.0 Stealth
 + Level 4.0 Shields
 + Level 6.1 Unarmed Combat


You had 6 spell levels left.
You didn't know any spells.
Your spell library contained the following spells:

 Spells                   Type           Power      Damage    Failure   Level
 Ignite Poison            Fire/Tmut/Pois 0%         N/A       98%         3
 Mephitic Cloud           Conj/Pois/Air  0%         N/A       98%         3
 Freezing Cloud           Conj/Ice/Air   0%         6-21      100%        5
 Summon Forest            Summ/Tloc      0%         N/A       100%        5
 Summon Mana Viper        Hex/Summ       0%         N/A       100%        5
 Summon Cactus Giant      Summ           0%         N/A       100%        6


Dungeon Overview and Level Annotations

Branches:
Dungeon (5/15)             Temple (1/1) D:4           Sewer (visited)

Altars:
Ashenzari
Cheibriados
Dithmenos
Fedhas
Gozag
Nemelex Xobeh
Okawaru
Ru
Sif Muna
Trog
Vehumet
Xom
Yredelemnul
Zin
The Shining One


Innate Abilities, Weirdness & Mutations

You are too large for most types of armour.
You have claws for hands.
Your natural rate of healing is unusually fast.
You are covered in fur. (AC +1)
You have tough skin. (AC +1)
Your skin changes colour to match your surroundings (Stealth+).
You are agile. (Dex +2)
You expend magic power (3 MP) to strengthen your wands.


Message History

Something tries to affect you, but you resist.
You completely miss something.
The ufetubus hits you but does no damage. x2
You hear some strange, mumbled words.
You are confused.
The ufetubus hits you but does no damage.
The ufetubus hits you.
* * * LOW HITPOINT WARNING * * *
You hear some strange, mumbled words.
A puff of flame appears from out of thin air!
The puff of flame hits you. You resist.
* * * LOW HITPOINT WARNING * * *
The ufetubus completely misses you. The ufetubus closely misses you.
You hear some strange, mumbled words.
A magic dart appears from out of thin air!
The magic dart hits you but does no damage.
The ufetubus hits you.
* * * LOW HITPOINT WARNING * * *
The ufetubus completely misses you. The ufetubus attacks as you move away!
The ufetubus misses you. The ufetubus closely misses you.
A magic dart appears from out of thin air!
The magic dart hits you!
* * * LOW HITPOINT WARNING * * *
The ufetubus hits you but does no damage.
The ufetubus misses you. Something hits you but does no damage.
You feel less confused. You block the ufetubus's attack.
The ufetubus completely misses you.
You barely miss the ufetubus. You block the ufetubus's attack.
The ufetubus hits you.
* * * LOW HITPOINT WARNING * * *
Something hits you but does no damage. The ufetubus hits you.
* * * LOW HITPOINT WARNING * * *
You block the ufetubus's attack.
You closely miss the ufetubus.
The ufetubus hits you but does no damage. x2
Something hits you but does no damage. The ufetubus closely misses you.
The ufetubus hits you.
You die...

# #.#...#.)...######.#..#..≈ #
#.#####..........#.####..§ #
#............###.#.......≈ #
#########....#<..#######.≈
########............##### ##.≈
..........[<####.>......# #..≈
.##.........#......####+######..≈
.##.........#.#.5...##...>.......
.##.........#.#.@...##...........
###.........#.#.....##...........
# #.........#.#.....##...........
#...........#.....##..........)
#.........###.....##...........
#.........##......##...........
############......##.........).
#.#######........... #.#
#...........


You could see an ufetubus.

Vanquished Creatures
  Grinder (D:3)
  3 kobold brigands
  A necrophage (D:4)
  An orc priest (D:5)
  An orc wizard (D:3)
  A hound zombie (D:5)
  4 adders
  4 gnolls (D:4)
  4 worms
  A dart slug (D:2)
  11 orcs
  10 endoplasms
  7 giant cockroaches
  10 goblins
  10 hobgoblins
  20 kobolds
  8 quokkas
  12 ball pythons
  6 bats
  5 frilled lizards
  11 rats
131 creatures vanquished.

Vanquished Creatures (others)
  A plant (D:4)
  4 withered plants (D:5)
5 creatures vanquished.

Grand Total: 136 creatures vanquished

Notes
Turn   | Place    | Note
-------+----------+-------------------------------------------
     0 | D:1      | happo123 the Troll Fighter began the quest for the Orb.
     0 | D:1      | Reached XP level 1. HP: 22/22 MP: 0/0
   211 | D:1      | Reached XP level 2. HP: 29/29 MP: 1/1
   354 | D:1      | Found a faded altar of an unknown god.
   732 | D:2      | Reached XP level 3. HP: 26/36 MP: 2/2
   927 | D:2      | Found a sacrificial altar of Ru.
   944 | D:2      | You fall into a shaft and drop 1 floor!
  1491 | D:3      | Reached XP level 4. HP: 41/44 MP: 3/3
  1787 | D:3      | Reached skill level 3 in Unarmed Combat
  1864 | D:3      | Found an opulent altar of Gozag.
  1893 | D:3      | Noticed Grinder
  1913 | D:3      | Killed Grinder
  1914 | D:3      | Reached skill level 4 in Unarmed Combat
  1914 | D:3      | Reached XP level 5. HP: 40/52 MP: 4/4
  1914 | D:3      | Reached XP level 6. HP: 46/59 MP: 5/5
  2288 | D:4      | Reached skill level 5 in Unarmed Combat
  2293 | D:4      | Found a staircase to the Ecumenical Temple.
  2486 | D:4      | Reached XP level 7. HP: 50/67 MP: 6/6
  2560 | D:4      | Found a glowing drain.
  2567 | Sewer    | Entered a sewer
  2858 | Sewer    | Gained mutation: You are somewhat resistant to further
                  | mutation. [potion of mutation]
  2859 | Sewer    | Lost mutation: You are somewhat resistant to further
                  | mutation. [potion of mutation]
  2859 | Sewer    | Gained mutation: Your movements are slightly less
                  | encumbered by armour. (ER -2) [potion of mutation]
  2860 | Sewer    | Lost mutation: Your movements are slightly less encumbered
                  | by armour. (ER -2) [potion of mutation]
  2860 | Sewer    | Gained mutation: You expend magic power (3 MP) to
                  | strengthen your wands. [potion of mutation]
  2860 | Sewer    | Gained mutation: You are agile. (Dex +2) [potion of
                  | mutation]
  2860 | Sewer    | Gained mutation: Your skin changes colour to match your
                  | surroundings (Stealth+). [potion of mutation]
  2989 | D:4      | Found an iron altar of Okawaru.
  3329 | D:4      | Reached skill level 6 in Unarmed Combat
  3448 | Temple   | Entered the Ecumenical Temple
  3601 | Temple   | Became a worshipper of Dithmenos the Shadowed
  3650 | D:5      | Entered Level 5 of the Dungeon
  3674 | D:5      | Reached skill level 1 in Stealth
  3686 | D:4      | HP: 1/67 [something/magic dart (9)]
  3690 | D:4      | Slain by an ufetubus

Illustrated notes

Levels and vault maps discovered:
D:1:      lemuel_arrival_lava_pool, layout_basic,
          hellmonk_ecumenical_altar_slurped_away
D:2:      layout_loops_ring, basic_altar
D:3:      minmay_octagon_keep, layout_loops_ring,
          nicolae_gozag_cash_rules_everything_around_me, uniq_grinder
D:4:      corexii_shack_village, layout_basic,
          mainiacjoe_overflow_concentric_impassable, minmay_temple_entry_arrows,
          gup_sewer_entry_bubbles, lemuel_flame_loot_1
D:5:      due_chaos_kobolds, layout_rooms, serial_undead, serial_undead_a,
          serial_undead_f, serial_undead_d, serial_undead_d,
          minmay_misc_feat_rugged, kennysheep_small_circle, uniq_sigmund
Temple:   nicolae_temple_god_jail

Skill      XL: |  1  2  3  4  5  6  7 |
---------------+----------------------+-----
Shields        | 3 4 |  4.0
Dodging        | 3 4 |  4.1
Unarmed Combat | 4 5 6 |  6.1
Fighting       | 3 |  3.0
Stealth        | 1 |  1.0

Action                   |  1- 3 |  4- 6 |  7- 9 || total
-------------------------+-------+-------+-------++-------
Melee: Unarmed           |   113 |   115 |   114 ||   342
  Use: Scroll            |       |       |     5 ||     5
       Potion            |       |       |     4 ||     4
 Stab: Sleeping          |       |       |     8 ||     8
Armor: Robe              |    38 |    34 |    32 ||   104
Dodge: Dodged            |    38 |    37 |    64 ||   139
Block: Kite shield       |    41 |    34 |    35 ||   110

Table legend: (Time is in decaauts)
 A = Elapsed time spent in this place.
 B = Non-inter-level travel time spent in this place.
 C = Inter-level travel time spent in this place.
 D = Time resting spent in this place.
 E = Time spent auto-exploring this place.
 F = Levels seen in this place.
 G = Mean time per level.
                   A        B        C        D        E       F      G
               +--------+--------+--------+--------+--------+-----+--------+
         Total |   3798 |   2957 |    841 |      0 |   1886 |   7 |  542.6 |
       Dungeon |   3234 |   2506 |    728 |      0 |   1676 |   5 |  646.8 |
        Temple |    173 |     60 |    113 |      0 |     46 |   1 |  173.0 |
         Sewer |    390 |    390 |      0 |      0 |    164 |   1 |  390.0 |
               +--------+--------+--------+--------+--------+-----+--------+

Top non-repeatable levels by time:
     D:4: 1013 daAuts
     D:3: 814 daAuts
     D:1: 734 daAuts
     D:2: 643 daAuts
   Sewer: 390 daAuts
  Temple: 173 daAuts
     D:5: 30 daAuts
